 Dungeon Crawl Stone Soup version 0.31-a0-1287-g2f004bd (webtiles) character file.

Game seed: 17548169983573046159

17954 PublicAnimeNo1 the Grappler (level 12, -22/100 HPs)
             Began as a Demonspawn Shapeshifter on Dec 16, 2023.
             Was a Priest of Makhleb.
             Blown up by an eye of devastation (30 damage)
             ... with a bolt of energy
             ... on level 4 of the Lair of Beasts on Dec 17, 2023.
             The game lasted 00:32:52 (12247 turns).

PublicAnimeNo1 the Grappler (DsSh)                 Turns: 12247, Time: 00:32:53

Health: -22/100    AC: 12    Str: 26    XL:     12   Next: 23%
Magic:  18/18      EV: 13    Int: 10    God:    Makhleb [***...]
Gold:   1055       SH:  4    Dex: 20    Spells: 11/11 levels left

rFire   + .          .
                       - Unarmed
rCold   . . .        (shield currently unavailable)
rNeg    . . .        j - melded +1 leather armour
rPois   +            K - melded +0 helmet
rElec   +            F - melded +2 cloak
rCorr   .            J - melded +2 pair of gloves
SInv    .            s - melded +2 pair of boots {rampage}
Will    .....        D - amulet of the acrobat
Stlth   +++          T - +6 ring of dexterity
HPRegen 0.36/turn    N - ring of Zocushea {rElec rF+ Str+2}
MPRegen 0.16/turn

%: acrobat
@: snake-form
A: constrict, large, (hooves 2), (icy blue scales 2), icemail 1, powered by
death 1, condensation shield
a: Begin Untransformation, Renounce Religion, Minor Destruction, Lesser Servant
of Makhleb


You were on level 4 of the Lair of Beasts.
You worshipped Makhleb.
Makhleb was most pleased with you.
You were an enormous serpent.
You visited 3 branches of the dungeon, and saw 14 of its levels.
You also visited: Ossuary.

You collected 1099 gold pieces.
You spent 44 gold pieces at shops.

Inventory:

Missiles
 p - 6 curare-tipped darts
 R - 4 throwing nets
Armour
 j - a +1 leather armour (melded)
 s - a +2 pair of boots of rampaging (melded)
 F - a +2 cloak (melded)
 J - a +2 pair of gloves (melded)
 K - a +0 helmet (melded)
 O - a +2 robe of cold resistance
Jewellery
 q - a ring of flight
 D - an amulet of the acrobat (around neck)
 H - an amulet of reflection
 L - a ring of positive energy
 N - the ring of Zocushea (right hand) {rElec rF+ Str+2}
   (You found it on level 3 of the Lair of Beasts)

   [ring of protection from fire]

   Str+2:     It affects your strength (+2).
   rF+:       It protects you from fire.
   rElec:     It insulates you from electricity.
 S - an amulet of guardian spirit
 T - a +6 ring of dexterity (left hand)
 U - a +6 ring of intelligence
Talismans
 c - a beast talisman
 d - a flux talisman
 Q - a serpent talisman (active)
Wands
 i - a wand of flame (4)
 m - a wand of charming (7)
 o - a wand of roots (7)
 y - a wand of acid (14) (quivered)
Scrolls
 a - a scroll of amnesia
 e - a scroll of revelation
 f - a scroll of vulnerability
 g - 3 scrolls of immolation
 h - 5 scrolls of enchant weapon
 n - a scroll of teleportation
 B - a scroll of summoning
 P - 2 scrolls of enchant armour
Potions
 b - 4 potions of lignification
 k - 2 potions of attraction
 l - 4 potions of brilliance
 r - 5 potions of curing
 t - 2 potions of invisibility
 u - 3 potions of degeneration
 v - a potion of mutation {unknown}
 w - 2 potions of magic {unknown}
 x - 3 potions of haste
 z - 3 potions of might
 A - a potion of resistance
 C - 2 potions of berserk rage {unknown}
 E - a potion of ambrosia {unknown}
 G - 2 potions of enlightenment
 M - a potion of cancellation {unknown}


   Skills:
 + Level 8.1 Fighting
 - Level 5.1 Dodging
 - Level 3.5 Stealth
 - Level 1.5 Shields
 * Level 10.7 Unarmed Combat
 + Level 9.0 Invocations
 + Level 4.9 Evocations
 + Level 9.1 Shapeshifting


You had 11 spell levels left.
You didn't know any spells.
Your spell library contained the following spells:

 Spells                   Type           Power      Damage    Failure   Level
 Apportation              Tloc           0%         N/A       36%         1
 Ensorcelled Hibernation  Hex/Ice        0%         N/A       50%         2
 Jinxbite                 Hex            0%         N/A       50%         2
 Poisonous Vapours        Pois/Air       0%         N/A       50%         2
 Scorch                   Fire           0%         2d5       50%         2
 Wereblood                Tmut           0%         N/A       50%         2
 Mephitic Cloud           Conj/Pois/Air  0%         N/A       75%         3
 Ozocubu's Armour         Ice            0%         N/A       75%         3
 Anguish                  Hex/Necr       0%         N/A       98%         4
 Cause Fear               Hex            0%         N/A       98%         4
 Flame Wave               Conj/Fire      0%         2d4       98%         4
 Alistair's Intoxication  Tmut/Pois      0%         N/A       100%        5
 Fireball                 Conj/Fire      0%         3d3       100%        5
 Freezing Cloud           Conj/Ice/Air   0%         6-21      100%        5
 Irradiate                Conj/Tmut      0%         3d11      100%        5
 Metabolic Englaciation   Hex/Ice        0%         N/A       100%        5
 Simulacrum               Ice/Necr       0%         N/A       100%        6
 Summon Cactus Giant      Summ           0%         N/A       100%        6
 Dragon's Call            Summ           0%         N/A       100%        9


Dungeon Overview and Level Annotations

Branches:
Dungeon (9/15)             Temple (1/1) D:4            Lair (4/5) D:9
 Shoals (0/4) Lair:3       Spider (0/4) Lair:2        Slime (0/5) Lair:4
Ossuary (visited)
    Orc: D:9-12

Altars:
Ashenzari
Fedhas
Gozag
Hepliaklqana
Kikubaaqudgha
Makhleb
Nemelex Xobeh
Okawaru
Qazlal
Ru
Sif Muna
Trog
Uskayaw
Vehumet
Wu Jian
Xom
Yredelemnul

Shops:
D:2 ?   D:7 !

Annotations:
D:4 2 transporters
D:8 Amaemon
Lair:2 3 runed translucent doors, Mirgh's ghost, journeyman HOFi


Innate Abilities, Weirdness & Mutations

You are an enormous serpent.
You have a powerful constriction melee attack.
Your armour is entirely melded.
You are incapable of wielding weapons or throwing items.
((You have hoof-like feet.))
((You are mostly covered in icy blue scales. (AC +3)))
A meltable icy envelope protects you from harm. (AC +4)
You regenerate a little health from kills.
A meltable shield of frost defends you. (SH +4)


Message History

The bolt of acid misses the glass eye.
The bolt of acid hits the black mamba!
The black mamba is moderately wounded.
The black mamba hisses angrily.
The glass eye gazes at you.
You feel your fragility will last longer.
Aiming: Corrosive Bolt
Press: ? - help, Q - select action, (/) - cycle Shift-Dir - straight line, f/p - glass eye
Aim: a glass eye (lightly wounded, covered in acid, 67% to hit)
The bolt of acid hits the glass eye!!
The glass eye is severely wounded.
The bolt of acid hits the black mamba!!
The acid corrodes the black mamba!
The black mamba is severely wounded.
Aiming: Corrosive Bolt
Press: ? - help, Q - select action, (/) - cycle Shift-Dir - straight line, f/p - glass eye
Aim: a glass eye (severely wounded, covered in acid, 67% to hit)
The bolt of acid hits the black mamba!
You kill the black mamba!
Makhleb accepts your kill.
The bolt of acid hits the glass eye!!
The glass eye seems to be corroded for longer.
You kill the glass eye!
Makhleb accepts your kill.
The bolt of acid hits the eye of devastation!!
The acid corrodes the eye of devastation!
The eye of devastation is moderately wounded.
Your Invocations skill increases to level 9!
The eye of devastation gazes at you. The bolt of energy hits you!!!
Ouch! That really hurt!
The eye of devastation pulsates ominously.
The eye of devastation gazes at you. The bolt of energy hits you!!
* * * LOW HITPOINT WARNING * * *
Okay, then.
As you read the scroll of summoning, it crumbles to dust.
Wisps of shadow whirl around you...
You feel less fragile. The eye of devastation gazes at you.
The bolt of energy hits your yak!! x2; The bolt of energy hits you!!
You die...

## #.# ## ##.. #.### ##.. #.
....## ########### #..## ...
.....# #P##.#.#YP# #...# ..
....# #.......Y.###...#.#...
....####...#.#YSSY.Y...G.....
......##...P...+h###..##...>.
....#.......Y..### ##........
.......+...#.#..# #..#.....
...####.##.P^..### ...# ....
.### ##.....P...# #..# ...
..#######........# #..# ..
.....#.##......... .#.. .
........+......... . ..


You could see an eye of devastation (corroded, ally target), a friendly black
mamba (summoned, wandering), 6 friendly yaks and a friendly black bear
(summoned).

Vanquished Creatures
  Harold (Lair:1)
  A hydra (Lair:2)
  Erica (Lair:2)
  Pikel (D:4)
  An ugly thing (D:9)
  4 black mambas
  Joseph (D:7)
  An orange demon (D:8)
  A rime drake (Lair:3)
  3 komodo dragons
  Jeremiah (D:8)
  5 cane toads
  A troll (D:8)
  2 polar bears
  A snapping turtle (Lair:3)
  7 blink frogs
  A glass eye (Lair:4)
  Sigmund (D:4)
  2 culicivoras (Lair:2)
  A wyvern (Lair:1)
  12 yaks
  A water elemental (Lair:3)
  Eustachio (D:6)
  2 basilisks (Lair:3)
  An acid dragon (D:8)
  7 water moccasins
  An orc warrior (D:8)
  An ice beast (D:7)
  A sky beast (D:7)
  An ogre (D:5)
  A lemure (D:4)
  13 wolves
  3 centaurs
  An elf zombie (D:4)
  A kobold brigand (D:7)
  2 elf skeletons (D:4)
  6 bullfrogs
  2 scorpions
  14 wights
  4 killer bees (D:5)
  3 howler monkeys (D:7)
  5 electric eels
  A human zombie (D:4)
  2 orc priests
  8 hounds
  4 iguanas
  A sleepcap (D:6)
  A human skeleton (D:4)
  9 orc wizards
  8 mummies (Ossuary)
  3 gnolls
  6 adders
  A shadow imp (D:7)
  2 white imps
  2 ufetubi (D:7)
  2 worms (D:2)
  9 dart slugs
  29 orcs
  2 ball pythons
  5 endoplasms
  3 giant cockroaches
  8 goblins
  5 hobgoblins
  9 jackals
  4 bats
  4 frilled lizards
  3 gnoll zombies (Ossuary)
  3 hobgoblin zombies (Ossuary)
  9 kobolds
  2 kobold zombies (Ossuary)
  An orc zombie (D:4)
  6 rats
272 creatures vanquished.

Notes
Turn   | Place    | Note
-------+----------+-------------------------------------------
     0 | D:1      | PublicAnimeNo1 the Demonspawn Shapeshifter began the quest
                  | for the Orb.
     0 | D:1      | Reached XP level 1. HP: 15/15 MP: 1/1
   213 | D:1      | Gained mutation: You are partially covered in icy blue
                  | scales. (AC +2) [demonic ancestry]
   213 | D:1      | Reached XP level 2. HP: 17/21 MP: 2/2
   703 | D:2      | Reached skill level 3 in Unarmed Combat
   863 | D:2      | Gained mutation: A meltable shield of frost defends you.
                  | (SH +4) [demonic ancestry]
   863 | D:2      | Reached XP level 3. HP: 25/26 MP: 3/3
   927 | D:2      | Reached skill level 1 in Stealth
  1152 | D:2      | Found Quneidd's Magic Scroll Boutique.
  1158 | D:2      | Bought a scroll of identify for 22 gold pieces
  1160 | D:2      | Bought a scroll of identify for 22 gold pieces
  1542 | D:3      | Upgraded the game from 0.31-a0-1272-g9f703e4 to
                  | 0.31-a0-1287-g2f004bd
  1564 | D:3      | Reached XP level 4. HP: 28/33 MP: 4/4
  1966 | D:3      | Gained mutation: You are mostly covered in icy blue scales.
                  | (AC +3) [demonic ancestry]
  1966 | D:3      | Reached XP level 5. HP: 36/38 MP: 5/5
  2517 | D:3      | Found a bloodstained altar of Trog.
  2699 | D:4      | Noticed Sigmund
  2706 | D:4      | Noticed a lemure
  2707 | D:4      | Killed Sigmund
  2708 | D:4      | Reached skill level 4 in Unarmed Combat
  2708 | D:4      | Gained mutation: You have large cloven feet. [demonic
                  | ancestry]
  2708 | D:4      | Reached XP level 6. HP: 45/46 MP: 6/6
  2852 | D:4      | Noticed Pikel
  2870 | D:4      | Killed Pikel
  2871 | D:4      | Gained mutation: You have hoof-like feet. [demonic
                  | ancestry]
  2871 | D:4      | Reached XP level 7. HP: 20/52 MP: 7/7
  2902 | D:4      | Reached skill level 5 in Unarmed Combat
  3003 | D:4      | Found a sand-covered staircase.
  3012 | D:4      | Reached XP level 8. HP: 42/59 MP: 8/8
  3014 | Ossuary  | Entered an ossuary
  3563 | D:4      | Found a staircase to the Ecumenical Temple.
  3571 | Temple   | Entered the Ecumenical Temple
  3605 | Temple   | Became a worshipper of Makhleb the Destroyer
  3806 | D:4      | Found a transporter.
  3852 | D:4      | Found a transporter.
  3990 | D:5      | Entered Level 5 of the Dungeon
  4019 | D:5      | Reached skill level 5 in Shapeshifting
  4494 | D:5      | Found a sparkling altar of Nemelex Xobeh.
  4522 | D:5      | Found a shimmering blue altar of Sif Muna.
  4568 | D:5      | Found a radiant altar of Vehumet.
  4662 | D:5      | Reached * piety under Makhleb
  4827 | D:5      | Found a stormy altar of Qazlal.
  5344 | D:6      | Noticed Eustachio
  5371 | D:6      | Killed Eustachio
  5372 | D:6      | Reached skill level 1 in Invocations
  5372 | D:6      | Reached XP level 9. HP: 51/65 MP: 9/9
  5892 | D:7      | Reached skill level 6 in Unarmed Combat
  6107 | D:7      | Noticed Joseph
  6136 | D:7      | Reached ** piety under Makhleb
  6148 | D:7      | Killed Joseph
  6149 | D:7      | Reached skill level 5 in Fighting
  6362 | D:7      | Reached skill level 7 in Unarmed Combat
  6396 | D:7      | Found Fukanum's Distillery.
  6824 | D:8      | Reached skill level 5 in Dodging
  6845 | D:8      | Noticed Jeremiah
  6861 | D:8      | Killed Jeremiah
  6862 | D:8      | Gained mutation: You regenerate a little health from kills.
                  | [demonic ancestry]
  6862 | D:8      | Reached XP level 10. HP: 33/74 MP: 13/13
  6994 | D:8      | Noticed Amaemon
  6994 | D:8      | Noticed an orange demon
  6995 | D:8      | Found an iron altar of Okawaru.
  7040 | D:8      | Found a blossoming altar of Fedhas.
  7139 | D:8      | Killed an orange demon
  7865 | D:9      | Noticed a four-headed hydra
  7913 | D:9      | Found a staircase to the Lair.
  7925 | D:9      | Reached skill level 5 in Invocations
  8026 | D:8      | Reached skill level 1 in Shields
  8026 | D:8      | Reached skill level 8 in Unarmed Combat
  8143 | D:9      | Noticed a purple ugly thing
  8153 | D:9      | Killed a red ugly thing
  8227 | Lair:1   | Entered Level 1 of the Lair of Beasts
  8247 | Lair:1   | You are sucked into a shaft and drop 1 floor!
  8328 | Lair:2   | Reached skill level 1 in Evocations
  8389 | Lair:1   | Noticed a black mamba
  8404 | Lair:1   | Killed a black mamba
  8524 | Lair:1   | Noticed Harold
  8550 | Lair:1   | Killed Harold
  8551 | Lair:1   | Reached skill level 9 in Unarmed Combat
  8551 | Lair:1   | Gained mutation: A meltable icy envelope protects you from
                  | harm. (AC +4) [demonic ancestry]
  8551 | Lair:1   | Reached XP level 11. HP: 73/83 MP: 15/15
  9525 | Lair:1   | Found a broken altar of Ashenzari.
  9682 | Lair:1   | Reached *** piety under Makhleb
 10001 | Lair:2   | Found a runed translucent gate.
 10001 | Lair:2   | Found a runed translucent gate.
 10008 | Lair:2   | Noticed a seven-headed hydra
 10016 | Lair:2   | Killed a seven-headed hydra
 10233 | Lair:2   | Noticed Erica
 10251 | Lair:2   | Killed Erica
 10443 | Lair:2   | Found a runed translucent gate.
 10451 | Lair:2   | Noticed Mirgh's ghost (journeyman HOFi)
 10704 | Lair:2   | Found a hole to the Spider Nest.
 10983 | Lair:3   | Found a shimmering altar of Xom.
 11004 | Lair:3   | Reached skill level 10 in Unarmed Combat
 11006 | Lair:3   | Identified the ring of Zocushea {rElec rF+ Str+2}
 11533 | Lair:3   | Reached XP level 12. HP: 91/92 MP: 18/18
 11775 | Lair:3   | Found a staircase to the Shoals.
 12235 | Lair:4   | Found a staircase to the Slime Pits.
 12247 | Lair:4   | Blown up by an eye of devastation

Illustrated notes

Levels and vault maps discovered:
D:1:      orjb1_lava_funnel, layout_basic
D:2:      layout_loops_corners, serial_shops, shop_fountains
D:3:      kennysheep_slugbush, layout_loops_cross, trog_hazing_becter
D:4:      gammafunk_cloud_chamber, layout_rooms, zin_statuary,
          minmay_temple_entry_mini_moons, nicolae_ossuary_entry_catacombs,
          uniq_pikel, uniq_sigmund
D:5:      layout_rooms, kennysheep_orc_sif_temple, nicolae_vehumet_radiance,
          mainiacjoe_overflow_boulevard, nemelex_spade_bored_becter,
          nicolae_nh_ransacked_shop
D:6:      layout_cave_pods, minivault_11, uniq_eustachio
D:7:      layout_cave_pools, serial_shops, nicolae_shop_statue_plus, uniq_joseph
D:8:      layout_basic, fedhas_bush_and_centaur_altar,
          mainiacjoe_overflow_concentric_impassable, uniq_jeremiah, uniq_amaemon
D:9:      minmay_diamond_stairs, layout_gridville, xom_shifter_show,
          evilmike_ruin_ashenzari, erik_lair_island
Temple:   chequers_temple_sunken
Lair:1:   layout_cave_shapes, basic_altar, grunt_megastairs_4, uniq_harold
Lair:2:   layout_gridlike, spider_nest_entry_funnel_web,
          ebering_ghost_rock_garden, grunt_megastairs_3, serial_bayou_shore_b,
          infiniplex_staircase_pool, uniq_erica
Lair:3:   layout_gridlike, minmay_shoals_entry_hut, basic_altar
Lair:4:   layout_roguey, minmay_slime_entry_eyes, minmay_holes,
          grunt_megastairs_5

Skill      XL: |  1  2  3  4  5  6  7  8  9 10 11 12 |
---------------+-------------------------------------+-----
Dodging        | 2 3 4 5 |  5.1
Unarmed Combat | 3 4 5 7 9 10 | 10.7
Stealth        | 1 2 3 |  3.5
Shapeshifting  | 3 4 7 8 9 |  9.1
Fighting       | 2 3 4 5 6 7 8 |  8.1
Invocations    | 1 4 6 8 9 |  9.0
Shields        | 1 |  1.5
Evocations     | 2 4 |  4.9

Action                     |  1- 3 |  4- 6 |  7- 9 | 10-12 || total
---------------------------+-------+-------+-------+-------++-------
  Melee: Unarmed           |   138 |   144 |   379 |   466 ||  1127
         Punch             |     6 |     4 |     4 |       ||    14
         Kick              |       |    10 |    48 |       ||    58
         Constrict         |       |       |       |    16 ||    16
  Throw: Stone             |     6 |       |       |       ||     6
 Invoke: Minor Destruction |       |       |       |     6 ||     6
  Evoke: Wand              |       |     1 |    29 |    25 ||    55
    Use: Scroll            |     2 |     3 |    13 |     7 ||    25
         Potion            |       |     2 |     4 |     2 ||     8
   Stab: Sleeping          |     1 |     2 |     7 |     4 ||    14
 Armour: Animal skin       |    27 |       |       |       ||    27
         Leather armour    |    36 |    83 |    50 |       ||   169
         Skin              |       |    12 |   122 |   260 ||   394
  Dodge: Dodged            |    77 |    71 |   230 |   360 ||   738
  Block: Other             |     8 |    22 |    61 |    71 ||   162
   Form: Flux              |       |       |     1 |     1 ||     2
         Serpent           |       |       |       |     2 ||     2

Table legend: (Time is in decaauts)
 A = Elapsed time spent in this place.
 B = Non-inter-level travel time spent in this place.
 C = Inter-level travel time spent in this place.
 D = Time resting spent in this place.
 E = Time spent auto-exploring this place.
 F = Levels seen in this place.
 G = Mean time per level.
                   A        B        C        D        E       F      G
               +--------+--------+--------+--------+--------+-----+--------+
         Total |  12138 |  11740 |    398 |   2429 |   6768 |  15 |  809.2 |
       Dungeon |   7895 |   7608 |    287 |   1490 |   4387 |   9 |  877.2 |
        Temple |     40 |     30 |     10 |      0 |      0 |   1 |   40.0 |
          Lair |   3957 |   3857 |    100 |    907 |   2325 |   4 |  989.2 |
       Ossuary |    245 |    245 |      0 |     32 |     56 |   1 |  245.0 |
               +--------+--------+--------+--------+--------+-----+--------+

Top non-repeatable levels by time:
  Lair:1: 1601 daAuts
     D:8: 1217 daAuts
     D:3: 1138 daAuts
  Lair:2: 1118 daAuts
     D:2: 1066 daAuts
     D:5: 951 daAuts
     D:6: 934 daAuts
     D:7: 873 daAuts
     D:4: 864 daAuts
  Lair:3: 805 daAuts
     D:1: 632 daAuts
  Lair:4: 432 daAuts
 Ossuary: 245 daAuts
     D:9: 217 daAuts
  Temple: 40 daAuts
